 Dungeon Crawl Stone Soup version 0.31-a0-1008-g5b978dac0e (webtiles) character file.

Game seed: 5397228218664898218

154 kae the Vexing (level 5, 0/35 HPs)
             Began as a Demonspawn Enchanter on Nov 12, 2023.
             Killed by divine providence
             ... invoked by an orc priest
              (16 damage)
             ... on level 3 of the Dungeon.
             The game lasted 00:02:08 (2119 turns).

kae the Vexing (Demonspawn Enchanter)               Turns: 2119, Time: 00:02:08

Health: 0/35       AC:  2    Str: 10    XL:     5   Next: 13%
Magic:  3/9        EV: 12    Int: 16    God:
Gold:   102        SH:  0    Dex: 14    Spells: 4/9 levels left

rFire   . . .        a - +1 dagger (freeze)
rCold   . . .        (no shield)
rNeg    . . .        b - +0 robe
rPois   .            (no helmet)
rElec   .            (no cloak)
rCorr   .            (no gloves)
SInv    .            (no boots)
Will    +....        A - amulet of the acrobat
Stlth   ++           (no ring)
HPRegen 0.25/turn    (no ring)
MPRegen 0.11/turn

%: acrobat
@: enlightened, flying, studying Fighting
A: powered by death 1, powered by pain 2
a: no special abilities


You were on level 3 of the Dungeon.
You visited 1 branch of the dungeon, and saw 3 of its levels.

You collected 102 gold pieces.


Innate Abilities, Weirdness & Mutations

You regenerate a little health from kills.
You sometimes gain power by taking damage.


   Skills:
 * Level 2.5 Short Blades
 - Level 1.7 Dodging
 + Level 3.3 Stealth
 + Level 2.6 Spellcasting
 * Level 4.2 Hexes


You had 4 spell levels left.
You knew the following spells:

 Your Spells              Type           Power      Damage    Failure   Level
a - Ensorcelled Hibernat  Hex/Ice        16%        N/A       12%         2
b - Confusing Touch       Hex            15%        N/A       11%         3

Your spell library contained the following spells:

 Spells                   Type           Power      Damage    Failure   Level
 Slow                     Hex            60%        N/A       3%          1
 Sigil of Binding         Hex            15%        N/A       11%         3
 Tukima's Dance           Hex            15%        N/A       11%         3
 Dazzling Flash           Conj/Hex       16%        N/A       24%         3
 Frozen Ramparts          Ice            4%         1d1       52%         3
 Hailstorm                Conj/Ice       2%         3d3       52%         3
 Ozocubu's Armour         Ice            2%         N/A       52%         3
 Vampiric Draining        Necr           2%         2d6       52%         3
 Summon Ice Beast         Ice/Summ       2%         N/A       89%         4
 Ozocubu's Refrigeration  Ice            1%         4d7       100%        7

Inventory:

Hand Weapons
 a - a +1 dagger of freezing (weapon)
Missiles
 l - 20 stones
Armour
 b - a +0 robe (worn)
Jewellery
 g - an amulet of regeneration
   (You found it on level 2 of the Dungeon)
 A - an amulet of the acrobat (around neck)
   (You found it on level 2 of the Dungeon)
Scrolls
 e - 2 scrolls of identify {@r1}
 i - a scroll of fog {unknown}
 j - a scroll of blinking {unknown}
 k - a scroll of poison {unknown}
 m - a scroll of enchant weapon {unknown}
Potions
 c - 2 potions of invisibility
 d - a potion of brilliance
 f - 2 potions of cancellation

Dungeon Overview and Level Annotations

Branches:
Dungeon (3/15) Zot: 15893

Altars:
Uskayaw

Shops:
D:2

* ##.##. #..#†
##... ###. #. #.
######
#################
......
........)@o{o....
......
##.###.#########
###### #.# #.#
###### #.# #.....
#.# #.####
#.#############.#
#..<............#
#################


You could see an orc priest and an orc.


Message History

You kill the orc! 😎 HP[+2]
Your hp is fully restored (30).
You start resting. 😎 MP[+1]
Your mp is fully restored (7).
Items here: ))))) [ ††.
No target in view!
No target in view!
You see here a +0 flail.
You pick up the Grimoire of the Winter and begin reading...
You add the spells Hailstorm, Frozen Ramparts, Ozocubu's Armour, Summon Ice Beast and Ozocubu's Refrigeration to your library.
No target in view!
No target in view!
You now have enough gold to buy a scroll of revelation on D:2.
You can access your shopping list by pressing '$'.
You now have 88 gold pieces (gained 11).
No target in view!
No target in view!
n - a grey potion No target in view!
No target in view!
f - 2 potions of cancellation (gained 1)
You now have 102 gold pieces (gained 14).
Key pressed, stopping explore.
Found a stone staircase leading up.
No target in view!
No target in view!
No target in view!
No target in view!
There is a stone staircase leading up here. 2 orc priests come into view.
An orc wizard comes into view. It is wielding a +0 dagger.
The orc wizard shouts!
You see here a +0 short sword.
An orc comes into view. It is wielding a +0 war axe.
There are monsters nearby!
The orc shouts!
You hit the orc priest but do no damage.
The orc priest looks encouraged for a moment.
The orc wizard mumbles some strange words.
The orc wizard flickers and vanishes!
Deactivating autopickup; reactivate with Ctrl-A.
You hit the orc priest but do no damage.
The orc priest looks braver for a moment.
There are monsters nearby!
You closely miss the orc priest.
The orc priest begins to cast a cantrip, but forgets the words!
You hit the orc priest. You freeze the orc priest.
The orc priest hits you with a +0 dagger. 😕 HP[-2]
You take 2 damage, and now have 28/30 hp.
Casting: Ensorcelled Hibernation (safe; 13% risk of failure)
Confirm with . or Enter, or press ? or * to list all spells.
Aiming: Ensorcelled Hibernation (safe; 13% risk of failure)
Press: ? - help, Shift-Dir - straight line, f - orc priest
Aim: an orc priest, wielding a +0 dagger and wearing a +0 ring mail (moderately wounded, chance to affect: 41%)
The orc priest resists with some effort.
The orc priest hits you with a +0 dagger. 😕 HP[-4] MP[-2]
You take 4 damage, and now have 24/30 hp.
You lost 2 mp, and now have 5/7 mp.
You closely miss the orc priest.
The orc priest invokes the aid of Beogh against you.
Pain shoots through your body! 😮 HP[-8]
You take 8 damage, and now have 16/30 hp.
MASSIVE DAMAGE!! (PAUSE)
Casting: Ensorcelled Hibernation (safe; 13% risk of failure)
Confirm with . or Enter, or press ? or * to list all spells.
Aiming: Ensorcelled Hibernation (safe; 13% risk of failure)
Press: ? - help, Shift-Dir - straight line, f/p - orc priest
Aim: an orc priest, wielding a +0 dagger and wearing a +0 ring mail (moderately wounded, chance to affect: 41%)
The orc priest looks drowsy...
The helpless orc priest fails to defend itself.
You puncture the orc priest! You freeze the orc priest.
You kill the orc priest!
The orc priest mumbles some strange prayers to Beogh against you.
Beogh smites you!
* * * LOW HITPOINT WARNING * * *
You have reached level 5! 😱 HP[-9] MP[-2]
You now have 35 max hp (+5).
You take 9 damage, and now have 7/35 hp.
MASSIVE DAMAGE!! (PAUSE) There's nothing to close nearby.
You aren't carrying any items that you can evoke.
Unknown command.
It was a potion of enlightenment.
You feel very buoyant.
You fly up into the air.
It was a potion of curing.
You feel better.
The orc priest calls down the wrath of Beogh upon you.
You resist with some effort. 😨 HP[+9]
You regained 9 hp, and now have 16/35 hp.
You barely miss the orc priest.
The orc priest mumbles some strange prayers to Beogh against you.
Beogh smites you!
You die...

Skill      XL: |  1  2  3  4 |
---------------+-------------+-----
Short Blades   | 1 2 |  2.5
Stealth        | 3 |  3.3
Hexes          | 4 |  4.2
Dodging        | |  1.7
Spellcasting   | |  2.6

Action                     |  1- 3 |  4- 6 || total
---------------------------+-------+-------++-------
  Melee: Dagger            |   190 |    25 ||   215
         Punch             |     1 |       ||     1
   Cast: Ensorcelled Hiber |    13 |     3 ||    16
    Use: Scroll            |     5 |       ||     5
         Potion            |       |     2 ||     2
   Stab: Sleeping          |     9 |     3 ||    12
 Armour: Robe              |    96 |     8 ||   104
  Dodge: Dodged            |   113 |    13 ||   126

Levels and vault maps discovered:
D:1:      ebering_trefoil_3fold, layout_loops_ring,
          chequers_serial_rivers_small_3, glass_columns_a,
          chequers_serial_rivers_small_a
D:2:      layout_basic, serial_shops, shop, hellmonk_ecumenical_altar_run_dry,
          uniq_jessica
D:3:      layout_loops_ring, nicolae_uskayaw_murder_on_the_dancefloor

Notes
Turn   | Place    | Note
-------+----------+-------------------------------------------
     0 | D:1      | kae the Demonspawn Enchanter began the quest for the Orb.
     0 | D:1      | Reached XP level 1. HP: 13/13 MP: 3/3
     0 | D:1      | magus.rc [v1.11.3]
    76 | D:1      | Reached skill level 1 in Short Blades
    76 | D:1      | HP: 2/13 [goblin/+0 dagger (3)]
   188 | D:1      | Gained mutation: You regenerate a little health from kills.
                  | [demonic ancestry]
   188 | D:1      | Reached XP level 2. HP: 19/19 MP: 5/5
   194 | D:1      | Learned a level 2 spell: Ensorcelled Hibernation
   679 | D:1      | Gained mutation: You sometimes gain a little power by
                  | taking damage. [demonic ancestry]
   679 | D:1      | Reached XP level 3. HP: 24/24 MP: 6/6
   688 | D:1      | Learned a level 3 spell: Confusing Touch
   825 | D:1      | Reached skill level 3 in Stealth
  1038 | D:2      | HP: 6/24 [worm (10)]
  1172 | D:2      | You pick up a book of Debilitation and begin reading...
  1172 | D:2      | You add the spells Slow, Sigil of Binding and Vampiric
                  | Draining to your library.
  1433 | D:2      | Reached skill level 2 in Short Blades
  1482 | D:2      | Found a faded altar of an unknown god.
  1591 | D:2      | Found Xageck's General Store.
  1785 | D:2      | Noticed Jessica
  1800 | D:2      | Killed Jessica
  1801 | D:2      | Gained mutation: You sometimes gain power by taking damage.
                  | [demonic ancestry]
  1801 | D:2      | Reached XP level 4. HP: 27/30 MP: 0/7
  1925 | D:3      | Identified the "Ripum"
  1965 | D:3      | Found a hide-covered altar of Uskayaw.
  1998 | D:3      | Reached skill level 4 in Hexes
  2027 | D:3      | You add the spells Hailstorm, Frozen Ramparts, Ozocubu's
                  | Armour, Summon Ice Beast and Ozocubu's Refrigeration to
                  | your library.
  2116 | D:3      | HP: 6/30 [orc priest/divine providence (10)]
  2117 | D:3      | Reached XP level 5. HP: 7/35 MP: 3/9
  2119 | D:3      | Killed from afar by an orc priest

Vanquished Creatures
  An orc priest (D:3)
  Jessica (D:2)
  An orc wizard (D:3)
  An adder (D:2)
  2 worms (D:2)
  A dart slug (D:2)
  4 orcs (D:3)
  6 ball pythons
  4 bats (D:1)
  3 endoplasms
  2 giant cockroaches (D:1)
  4 goblins
  5 hobgoblins
  2 jackals (D:2)
  10 kobolds
  2 quokkas
  A frilled lizard (D:2)
  7 rats
57 creatures vanquished.

Table legend:
 A = Non-vault XP
 B = Vault XP
 C = Vault XP percentage of total XP
 D = Non-vault monster count
 E = Vault monster count
 F = Vault count percentage of total count
                 A         B        C        D         E       F
            +---------+---------+-------+---------+---------+-------
      Total |     184 |      37 |  16.7 |      56 |       1 |   1.8
            +---------+---------+-------+---------+---------+-------
        D:1 |      45 |       0 |   0.0 |      30 |       0 |   0.0
        D:2 |      48 |      37 |  43.5 |      17 |       1 |   5.6
        D:3 |      91 |       0 |   0.0 |       9 |       0 |   0.0
            +---------+---------+-------+---------+---------+-------

Skill      XL: |  1  2  3  4 |
---------------+-------------+-----
Short Blades   | 1 2 |  2.5
Stealth        | 3 |  3.3
Hexes          | 4 |  4.2
Dodging        | |  1.7
Spellcasting   | |  2.6

Action                     |  1- 3 |  4- 6 || total
---------------------------+-------+-------++-------
  Melee: Dagger            |   190 |    25 ||   215
         Punch             |     1 |       ||     1
   Cast: Ensorcelled Hiber |    13 |     3 ||    16
    Use: Scroll            |     5 |       ||     5
         Potion            |       |     2 ||     2
   Stab: Sleeping          |     9 |     3 ||    12
 Armour: Robe              |    96 |     8 ||   104
  Dodge: Dodged            |   113 |    13 ||   126

Illustrated notes

Table legend:
 A = Kills in this place as a percentage of kills in the entire game.
 B = Kills by you in this place as a percentage of kills by you in the entire game.
 C = Kills by friends in this place as a percentage of kills by friends in the entire game.
 D = Other kills in this place as a percentage of other kills in the entire game.
 E = Experience gained in this place as a percentage of experience gained in the entire game.
 F = Experience gained in this place divided by the number of levels of this place that you have seen.
                   A       B       C       D       E      F
               +-------+-------+-------+-------+-------+----------------------
         Total | 100.0 | 100.0 |   N/A |   N/A | 100.0 |  73.7
       Dungeon | 100.0 | 100.0 |   N/A |   N/A | 100.0 |  73.7
               +-------+-------+-------+-------+-------+----------------------

Table legend: (Time is in decaauts)
 A = Elapsed time spent in this place.
 B = Non-inter-level travel time spent in this place.
 C = Inter-level travel time spent in this place.
 D = Time resting spent in this place.
 E = Time spent auto-exploring this place.
 F = Levels seen in this place.
 G = Mean time per level.
                   A        B        C        D        E       F      G
               +--------+--------+--------+--------+--------+-----+--------+
         Total |   2105 |   2044 |     61 |    272 |   1300 |   3 |  701.7 |
       Dungeon |   2105 |   2044 |     61 |    272 |   1300 |   3 |  701.7 |
               +--------+--------+--------+--------+--------+-----+--------+

Top non-repeatable levels by time:
     D:1: 1008 daAuts
     D:2: 906 daAuts
     D:3: 190 daAuts
